 Dungeon Crawl Stone Soup version 0.31-a0-960-g0fca184906 (webtiles) character file.

Game seed: 15345630900480176588

474 Azuregosa the Cudgeller (level 7, -1/66 HPs)
             Began as a Gnoll Chaos Knight on Oct 23, 2023.
             Was a Believer of Okawaru.
             Slain by an orc warrior
             ... wielding a +0 long sword
              (12 damage)
             ... on level 8 of the Dungeon.
             The game lasted 00:12:38 (3233 turns).

Azuregosa the Cudgeller (Gnoll Chaos Knight)        Turns: 3233, Time: 00:12:38

Health: -1/66      AC: 23    Str: 16    XL:     7   Next: 10%
Magic:  10/10      EV:  5    Int: 16    God:    Okawaru [**....]
Gold:   188        SH:  0    Dex: 10    Spells: 10/10 levels left

rFire   . . .        a - +0 mace (chaos)
rCold   + . .        (no shield)
rNeg    . . .        d - +9 plate armour {ponderous}
rPois   +            (no helmet)
rElec   .            (no cloak)
rCorr   .            (no gloves)
SInv    .            e - +1 pair of boots {Stlth+}
Will    +....        (no amulet) Stlth
                     t - +6 ring of strength
HPRegen 0.31/turn    (no ring)
MPRegen 0.12/turn

%: clarity
@: slow
A: fangs 2, strong nose, distributed training, clarity, clever 1, cold
resistance 1, deterioration 1, strong-willed 1, poison resistance, robust 1,
teleportitis 1, weak 1, MP-powered wands, noise suppression
a: Renounce Religion, Heroism


You were on level 8 of the Dungeon.
You worshipped Okawaru.
Okawaru was pleased with you.
You visited 1 branch of the dungeon, and saw 6 of its levels.

You collected 188 gold pieces.

Inventory:

Hand Weapons
 a - a +0 mace of chaos (weapon)
 n - a +2 dagger of venom
Missiles
 g - 4 atropa-tipped darts
 j - 5 darts of dispersal
 s - 50 stones
Armour
 b - a +2 leather armour
 d - a +9 plate armour of ponderousness (worn)
 e - a +1 pair of boots of stealth (worn)
Magical Staves
 p - a staff of conjuration
Jewellery
 t - a +6 ring of strength (left hand)
Talismans
 h - a serpent talisman
Scrolls
 c - 2 scrolls of butterflies
 f - 4 scrolls of enchant armour {unknown}
 i - a scroll of enchant weapon {unknown}
 k - 4 scrolls of identify {unknown}
 m - 3 scrolls of fear {unknown}
 q - 3 scrolls of teleportation {unknown}
 v - a scroll of vulnerability {unknown}
 w - a scroll of fog {unknown}
Potions
 l - a potion of curing {unknown}
 o - 2 potions of might {unknown}
 r - a potion of magic {unknown}
 u - a potion of heal wounds {unknown}


   Skills:
 + Level 7.0 Fighting
 + Level 2.3 Short Blades
 + Level 2.3 Long Blades
 + Level 2.3 Axes
 + Level 7.0 Maces & Flails
 + Level 2.3 Polearms
 + Level 2.3 Staves
 + Level 2.3 Ranged Weapons
 + Level 2.3 Throwing
 + Level 5.1 Armour
 + Level 3.5 Dodging
 + Level 2.3 Stealth
 + Level 2.3 Shields
 + Level 2.3 Unarmed Combat
 + Level 2.3 Spellcasting
 + Level 1.9 Conjurations
 + Level 1.9 Hexes
 + Level 1.9 Summonings
 + Level 1.9 Necromancy
 + Level 1.9 Translocations
 + Level 1.9 Transmutations
 + Level 1.9 Fire Magic
 + Level 1.9 Ice Magic
 + Level 1.9 Air Magic
 + Level 1.9 Earth Magic
 + Level 1.9 Poison Magic
 + Level 2.5 Invocations
 + Level 2.3 Evocations
 + Level 2.1 Shapeshifting


You had 10 spell levels left.
You didn't know any spells.
Your spell library contained the following spells:

 Spells                   Type           Power      Damage    Failure   Level
 Magic Dart               Conj           32%        1d4       99%         1
 Sandblast                Erth           16%        2d6       99%         1
 Cigotuvi's Dreadful Rot  Necr/Pois/Air  16%        N/A       100%        2
 Passwall                 Tmut/Erth      6%         N/A       100%        2
 Ignite Poison            Fire/Tmut/Pois 8%         N/A       100%        3
 Mephitic Cloud           Conj/Pois/Air  8%         N/A       100%        3
 Stone Arrow              Conj/Erth      16%        3d8       100%        3
 Anguish                  Hex/Necr       4%         N/A       100%        4
 Brom's Barrelling Bould  Conj/Erth      8%         2d3       100%        4
 Cause Fear               Hex            4%         N/A       100%        4
 Freezing Cloud           Conj/Ice/Air   4%         6-21      100%        5
 Enfeeble                 Hex            4%         N/A       100%        7
 Call Imp                 Summ           Unusable   N/A       N/A         2

Dungeon Overview and Level Annotations

Branches:
Dungeon (5/15)
 Temple: D:4-7

Altars:
Okawaru
Yredelemnul

Shops:
D:4 [


Innate Abilities, Weirdness & Mutations

You have extremely sharp teeth.
Your uncanny sense of smell can sniff out nearby items.
Your experience applies equally to all skills.
You possess an exceptional clarity of mind.
Your mind is acute. (Int +4, Str/Dex -1)
Your flesh is cold resistant. (rC+)
Your body sometimes deteriorates upon taking damage.
You are strong-willed. (Will+)
Your system is resistant to poisons. (rPois)
You are robust. (+10% HP)
You are occasionally teleported next to monsters.
You are weak. (Str -2)
You expend magic power (3 MP) to strengthen your wands.
You passively dampen the noise of your surroundings.


Message History

You hit the orc warrior.
The orc warrior is lightly wounded.
The orc warrior hits you but does no damage.
You sock the orc warrior!
The orc warrior appears confused.
The orc warrior is heavily wounded.
The orc warrior hits you with a +0 long sword!
* * * LOW HITPOINT WARNING * * *
The orc warrior barely misses itself.
You hit the orc warrior but do no damage.
The orc warrior is poisoned.
You punch the orc warrior, but do no damage.
The orc warrior is heavily wounded.
You hit the orc warrior but do no damage.
You bite the orc warrior, but do no damage.
The orc warrior is heavily wounded.
You hit the orc warrior.
You bite the orc warrior, but do no damage.
The orc warrior is heavily wounded.
The orc warrior blinks!
Found a stone staircase leading up.
The orc warrior hits you but does no damage.
The orc warrior hits itself with a +0 long sword.
You barely miss the orc warrior.
The orc warrior is severely wounded.
The orc warrior looks more healthy.
You hit the orc warrior. Your bite misses the orc warrior.
The orc warrior is severely wounded.
The orc warrior hits you with a +0 long sword!
* * * LOW HITPOINT WARNING * * *
The orc warrior closely misses itself. "Over there now!"
The orc warrior blinks!
You hit the orc warrior. You freeze the orc warrior.
The orc warrior is almost dead.
The orc warrior seems less confused.
The orc warrior hits you but does no damage.
You closely miss the orc warrior. You bite the orc warrior.
The orc warrior is almost dead.
The orc warrior hits you with a +0 long sword!
You die...

########
##....).##
##..o...))##
#...@......#
#..........#
#..........#
#......?...#
#..........#
##...........
#........####
#..........
#...<......#


You could see an orc warrior (agile).

Vanquished Creatures
  A dream sheep (shapeshifter) (D:8)
  2 orc wizards
  Natasha (twice) (D:4)
  Robin (D:2)
  4 adders
  3 adder zombies (D:3)
  3 worms (D:2)
  A dart slug (D:4)
  6 orcs
  A ball python (D:3)
  6 endoplasms
  3 giant cockroaches
  11 goblins
  7 hobgoblins
  7 jackals
  2 quokkas
  2 bats
  4 frilled lizards
  7 kobolds
  2 rats
75 creatures vanquished.

Notes
Turn   | Place    | Note
-------+----------+-------------------------------------------
     0 | D:1      | Azuregosa the Gnoll Chaos Knight began the quest for the
                  | Orb.
     0 | D:1      | Reached XP level 1. HP: 23/23 MP: 1/1
    34 | D:1      | XOM: silly message
    58 | D:1      | XOM: divination: detect items
   341 | D:1      | Found a faded altar of an unknown god.
   350 | D:1      | Reached XP level 2. HP: 29/29 MP: 2/2
   354 | D:1      | Prayed at the altar of an unknown god.
   354 | D:1      | Fell from the grace of Xom
   354 | D:1      | Became a worshipper of Warmaster Okawaru
   354 | D:1      | Reached * piety under Okawaru
   369 | D:1      | a bat changed into a killer bee
   369 | D:1      | Noticed a killer bee
   380 | D:1      | Banished a killer bee
   381 | D:1      | Reached skill level 1 in Short Blades
   381 | D:1      | Reached skill level 1 in Long Blades
   381 | D:1      | Reached skill level 1 in Axes
   381 | D:1      | Reached skill level 1 in Polearms
   381 | D:1      | Reached skill level 1 in Staves
   381 | D:1      | Reached skill level 1 in Ranged Weapons
   381 | D:1      | Reached skill level 1 in Throwing
   381 | D:1      | Reached skill level 1 in Stealth
   381 | D:1      | Reached skill level 1 in Shields
   381 | D:1      | Reached skill level 1 in Unarmed Combat
   381 | D:1      | Reached skill level 1 in Spellcasting
   381 | D:1      | Reached skill level 1 in Invocations
   381 | D:1      | Reached skill level 1 in Evocations
   381 | D:1      | Reached XP level 3. HP: 9/35 MP: 2/4
   387 | D:1      | XOM: give mutations
   387 | D:1      | Gained mutation: You are weak. (Str -2) [Xom's mischief]
   387 | D:1      | Gained mutation: You are very weak. (Str -4) [Xom's
                  | mischief]
   387 | D:1      | Gained mutation: You expend magic power (3 MP) to
                  | strengthen your wands. [Xom's mischief]
   610 | D:1      | XOM: draining
   742 | D:1      | XOM: give mutations
   742 | D:1      | Gained mutation: Your body sometimes deteriorates upon
                  | taking damage. [Xom's mischief]
   742 | D:1      | Gained mutation: You are strong-willed. (Will+) [Xom's
                  | mischief]
  1043 | D:2      | Reached XP level 4. HP: 35/35 MP: 5/5
  1071 | D:2      | Reached skill level 1 in Shapeshifting
  1082 | D:2      | Noticed Robin
  1099 | D:2      | Killed Robin
  1100 | D:2      | Reached skill level 1 in Conjurations
  1100 | D:2      | Reached skill level 1 in Hexes
  1100 | D:2      | Reached skill level 1 in Summonings
  1100 | D:2      | Reached skill level 1 in Necromancy
  1100 | D:2      | Reached skill level 1 in Translocations
  1100 | D:2      | Reached skill level 1 in Transmutations
  1100 | D:2      | Reached skill level 1 in Fire Magic
  1100 | D:2      | Reached skill level 1 in Ice Magic
  1100 | D:2      | Reached skill level 1 in Air Magic
  1100 | D:2      | Reached skill level 1 in Earth Magic
  1100 | D:2      | Reached skill level 1 in Poison Magic
  1100 | D:2      | XOM: divination: magic mapping
  1515 | D:2      | Reached XP level 5. HP: 47/47 MP: 5/7
  1764 | D:3      | Found a basalt altar of Yredelemnul.
  2178 | D:4      | XOM: give mutations
  2178 | D:4      | Gained mutation: You are robust. (+10% HP) [Xom's mischief]
  2178 | D:4      | Gained mutation: You passively dampen the noise of your
                  | surroundings. [Xom's mischief]
  2178 | D:4      | Gained mutation: Your mind is acute. (Int +4, Str/Dex -1)
                  | [Xom's mischief]
  2178 | D:4      | Gained mutation: You have extremely sharp teeth. [Xom's
                  | mischief]
  2529 | D:4      | Found Visaamim's Antique Armour Boutique.
  2552 | D:4      | Noticed Natasha
  2568 | D:4      | Killed Natasha
  2778 | D:4      | Noticed Natasha
  2785 | D:4      | Killed Natasha
  2786 | D:4      | Reached XP level 6. HP: 58/58 MP: 8/8
  2830 | D:4      | Reached ** piety under Okawaru
  2863 | D:4      | XOM: give mutations
  2863 | D:4      | Gained mutation: Your flesh is cold resistant. (rC+) [Xom's
                  | mischief]
  2863 | D:4      | Lost mutation: You are very weak. (Str -4) [Xom's mischief]
  2863 | D:4      | Gained mutation: You are occasionally teleported next to
                  | monsters. [Xom's mischief]
  2901 | D:4      | XOM: give mutations
  2901 | D:4      | Gained mutation: Your system is resistant to poisons.
                  | (rPois) [Xom's grace]
  2901 | D:4      | Gained mutation: You possess an exceptional clarity of
                  | mind. [Xom's grace]
  3140 | D:5      | Entered Level 5 of the Dungeon
  3175 | D:5      | You fall into a shaft and drop 3 floors!
  3194 | D:8      | Noticed an orc warrior
  3196 | D:8      | an orc changed into a glowing shapeshifter
  3196 | D:8      | Noticed a glowing shapeshifter (glowing shapeshifter)
  3196 | D:8      | a glowing shapeshifter changed into a swamp dragon
  3196 | D:8      | Noticed a swamp dragon (glowing shapeshifter)
  3197 | D:8      | a swamp dragon changed into a salamander
  3197 | D:8      | Noticed a salamander (glowing shapeshifter)
  3198 | D:8      | Reached skill level 5 in Armour
  3203 | D:8      | a salamander changed into a yaktaur
  3203 | D:8      | Noticed a yaktaur (glowing shapeshifter)
  3204 | D:8      | a yaktaur changed into a dream sheep
  3204 | D:8      | Noticed a dream sheep (glowing shapeshifter)
  3212 | D:8      | Killed a dream sheep
  3213 | D:8      | Reached XP level 7. HP: 38/66 MP: 10/10
  3228 | D:8      | XOM: blink monster(s)
  3233 | D:8      | Slain by an orc warrior

Illustrated notes

Levels and vault maps discovered:
D:1:      dpeg_arrival_arbitrary_c, layout_loops_corners,
          hellmonk_ecumenical_altar_lost_god, nicolae_titane
D:2:      layout_basic, chequers_garden, hangedman_decor_points, uniq_robin
D:3:      layout_rooms, nicolae_yredelemnul_corpse_copse
D:4:      layout_basic, serial_shops, nicolae_shop_hallway_stairs, uniq_natasha
D:5:      layout_basic, mainiacjoe_overflow_tiny_flanked,
          mainiacjoe_overflow_24_doors, lemuel_tele_altar
D:8:      layout_rooms, gammafunk_ghost_grave

Skill      XL: |  1  2  3  4  5  6 |
---------------+-------------------+-----
Short Blades   | 1 2 |  2.3
Long Blades    | 1 2 |  2.3
Axes           | 1 2 |  2.3
Polearms       | 1 2 |  2.3
Staves         | 1 2 |  2.3
Ranged Weapons | 1 2 |  2.3
Throwing       | 1 2 |  2.3
Stealth        | 1 2 |  2.3
Shields        | 1 2 |  2.3
Unarmed Combat | 1 2 |  2.3
Spellcasting   | 1 2 |  2.3
Invocations    | 1 2 |  2.5
Evocations     | 1 2 |  2.3
Shapeshifting  | 1 2 |  2.1
Conjurations   | 1 |  1.9
Hexes          | 1 |  1.9
Summonings     | 1 |  1.9
Necromancy     | 1 |  1.9
Translocations | 1 |  1.9
Transmutations | 1 |  1.9
Fire Magic     | 1 |  1.9
Ice Magic      | 1 |  1.9
Air Magic      | 1 |  1.9
Earth Magic    | 1 |  1.9
Poison Magic   | 1 |  1.9
Dodging        | 3 |  3.5
Armour         | 5 |  5.1
Fighting       | 7 |  7.0
Maces & Flails | 7 |  7.0

Action                     |  1- 3 |  4- 6 |  7- 9 || total
---------------------------+-------+-------+-------++-------
  Melee: Mace              |    49 |   229 |    15 ||   293
         Bite              |     1 |    28 |     3 ||    32
         Punch             |       |     3 |     1 ||     4
   Stab: Paralysed         |       |     1 |       ||     1
 Armour: Plate armour      |    74 |   258 |    14 ||   346
  Dodge: Dodged            |     9 |    39 |     2 ||    50

Table legend: (Time is in decaauts)
 A = Elapsed time spent in this place.
 B = Non-inter-level travel time spent in this place.
 C = Inter-level travel time spent in this place.
 D = Time resting spent in this place.
 E = Time spent auto-exploring this place.
 F = Levels seen in this place.
 G = Mean time per level.
                   A        B        C        D        E       F      G
               +--------+--------+--------+--------+--------+-----+--------+
         Total |   3490 |   3471 |     19 |    493 |   2115 |   6 |  581.7 |
       Dungeon |   3490 |   3471 |     19 |    493 |   2115 |   6 |  581.7 |
               +--------+--------+--------+--------+--------+-----+--------+

Top non-repeatable levels by time:
     D:1: 1107 daAuts
     D:4: 1074 daAuts
     D:2: 687 daAuts
     D:3: 520 daAuts
     D:8: 61 daAuts
     D:5: 38 daAuts
